 Dungeon Crawl Stone Soup version 0.25-a0-523-g9afb2ee040 (webtiles) character file.

Game seed: 7049804487041941285, levelgen mode: deterministic

428602 LairdRich the Warrior (level 22, 0/211 HPs)
             Began as a Minotaur Berserker on Feb 8, 2020.
             Was an Elder of Trog.
             Slain by an azure jelly (7 damage)
             ... created by the Royal Jelly
             ... on level 4 of the Pits of Slime on Feb 18, 2020.
             The game lasted 06:46:22 (78825 turns).

LairdRich the Warrior (Minotaur Berserker)         Turns: 78825, Time: 06:46:22

Health: 0/211      AC: 24    Str: 27    XL:     22   Next: 79%
Magic:  22/22      EV: 20    Int:  8    God:    Trog [****..]
Gold:   2383       SH:  5    Dex: 10    Spells: 21/21 levels left

rFire    . . .     SeeInvis +   a - +5 battleaxe (flame)
rCold    + . .     Gourm    .   (shield currently unavailable)
rNeg     . . .     Faith    .   V - +3 scale mail {MR+}
rPois    +         Spirit   .   m - +3 crown of Dyrovepreva {rElec Int+2 SInv}
rElec    +         Reflect  +   U - +0 cloak {MR+}
rCorr    +         Harm     .   T - +3 pair of gauntlets of War {Slay+5}
MR       +++..     Clarity  +   M - +2 pair of boots {Stlth+} Stlth ++........Rnd*Tele +
                                W - +5 amulet of reflection
HPRegen  0.45/turn              Y - ring of the Slug {rElec rPois rC+ Str+3 Stlth+}
MPRegen  0.18/turn              l - ring of resist corrosion

@: corroded
A: retaliatory headbutt, horns 2, iridescent scales 1, yellow scales 1, clarity,
clumsy 1, low mp 3, screaming 1, teleportitis 1, weak 2, wild magic 1
}: 2/15 runes: barnacled, gossamer
a: Berserk, Trog's Hand, Brothers in Arms, Renounce Religion


You were on level 4 of the Pits of Slime.
You worshipped Trog.
Trog was greatly pleased with you.
You were not hungry.

You visited 9 branches of the dungeon, and saw 45 of its levels.
You also visited: Ossuary, Gauntlet, Ice Cave and Desolation.

You collected 5285 gold pieces.
You spent 2902 gold pieces at shops.

Inventory:

Hand Weapons
 a - a +5 battleaxe of flaming (weapon)
 b - the +9 shortbow "Cuegixab" {speed, +Blink rC++ Stlth-}
   (You found it on level 9 of the Dungeon)

   Attacks with this weapon are significantly faster.
   It greatly protects you from cold.
   It lets you blink.
   It makes you less stealthy.
 n - a +4 vorpal executioner's axe
 J - a +1 vorpal battleaxe
 P - a +6 battleaxe
Missiles
 O - 755 arrows
Armour
 m - the +3 crown of Dyrovepreva (worn) {rElec Int+2 SInv}
   (You bought it in a shop on level 2 of the Orcish Mines)

   It affects your intelligence (+2).
   It insulates you from electricity.
   It lets you see invisible.
   If you remove this armour, your AC will decrease by 3 (24 -> 21).
 B - a +3 plate armour
 G - a scarf of spirit shield
 M - a +2 pair of boots of stealth (worn)
 T - the +3 pair of gauntlets of War (worn) {Slay+5}
   (You found it on level 2 of the Shoals)

   It affects your accuracy and damage with ranged weapons and melee attacks
   (+5).
   If you remove this armour, your AC will decrease by 5 (24 -> 19).
 U - a +0 cloak of magic resistance (worn)
 V - a +3 scale mail of magic resistance (worn)
Jewellery
 i - an uncursed ring of protection from fire
 l - a ring of resist corrosion (right hand)
 t - an uncursed ring of protection from magic
 W - a +5 amulet of reflection (around neck)
 Y - the ring of the Slug (left hand) {rElec rPois rC+ Str+3 Stlth+}
   (You found it on level 6 of the Lair of Beasts)

   [ring of strength]

   It affects your strength (+3).
   It protects you from cold.
   It insulates you from electricity.
   It protects you from poison.
   It makes you more stealthy.
Wands
 g - a wand of enslavement (8)
 h - a wand of scattershot (5)
 w - a wand of acid (18)
 y - a wand of digging (2)
 A - a wand of iceblast (10)
 D - a wand of random effects (64)
 E - a wand of paralysis (28)
 F - a wand of flame (52)
 Q - a wand of disintegration (12)
 S - a wand of polymorph (23)
Scrolls
 e - 11 scrolls of enchant weapon
 f - 15 scrolls of teleportation
 q - 26 scrolls of remove curse
 s - 2 scrolls of fog
 x - 3 scrolls of enchant armour
 C - 7 scrolls of magic mapping
 R - 25 scrolls of identify
 X - a scroll of holy word
 Z - a scroll of fear
Potions
 j - 4 potions of heal wounds
 k - 3 potions of haste
 p - 4 potions of curing
 r - 9 potions of brilliance
 u - 3 potions of might
 v - 6 potions of ambrosia
 z - 5 potions of stabbing
 H - 3 potions of invisibility
 I - 4 potions of cancellation
 K - a potion of resistance
Miscellaneous
 d - 2 phantom mirrors
 L - 2 sacks of spiders
 N - a lightning rod (4/4)
Comestibles
 c - 17 rations


   Skills:
 + Level 20.7 Fighting
   Level 4.7 Long Blades
 - Level 20.0 Axes
 - Level 17.4 Bows
 + Level 20.0 Armour
 + Level 20.0 Dodging
   Level 4.1 Shields
 + Level 15.0 Evocations


You had 21 spell levels left.
You didn't know any spells.
Your spell library was empty.

Dungeon Overview and Level Annotations

Branches:
Dungeon (15/15)            Temple (0/1) D:5            Lair (6/6) D:10
 Shoals (4/4) Lair:4       Spider (4/4) Lair:2        Slime (5/5) Lair:6
    Orc (2/2) D:9             Elf (3/3) Orc:2        Vaults (5/5) D:14
  Crypt (1/3) Vaults:2     Depths (0/5) D:15        Ossuary (visited)
  IceCv (visited)         Desolation (visited)      Gauntlet (visited)

Altars:
Ashenzari
Cheibriados
Dithmenos
Gozag
Kikubaaqudgha
Makhleb
Qazlal
Trog
Uskayaw
Vehumet
Yredelemnul
Zin
The Shining One
Beogh
Jiyva

Shops:
D:10 %   D:12 =   Orc:2 ([[(   Elf:1 *   Elf:2 (   Elf:3 [:   Shoals:2 !
Vaults:1 =   Vaults:2 !*%[

Annotations:
D:5 1 exclusion
Lair:5 3 runed translucent doors, exclusion: 3 doors, Irof's ghost, journeyman GrBe
Slime:5 Royal Jelly
Vaults:1 1 exclusion
Vaults:2 exclusion: downstairs


Innate Abilities, Weirdness & Mutations

You reflexively headbutt those who attack you in melee.
You have a pair of horns on your head.
You are partially covered in iridescent scales. (AC +2)
You are partially covered in yellow scales. (AC +2)
You possess an exceptional clarity of mind.
You are clumsy. (Dex -2)
Your magical capacity is extremely low. (-30% MP)
You occasionally shout uncontrollably at your foes.
You are occasionally teleported next to monsters.
You are very weak. (Str -4)
Your spells are a little harder to cast, but a little more powerful.


Message History

The azure jelly looks frightened!
The acid blob resists with almost no effort.
The azure jelly resists with some effort.
The acid blob hits you but does no damage.
The azure jelly misses you. You furiously retaliate!
You headbutt the azure jelly, but do no damage.
The azure jelly hits you.
* * * LOW HITPOINT WARNING * * *
The azure jelly freezes you! You resist.
* * * LOW HITPOINT WARNING * * *
The azure jelly hits you.
* * * LOW HITPOINT WARNING * * *
The azure jelly barely misses you. You block the acid blob's attack.
The acid blob closely misses you. The acid blob spits acid at you.
The splash of acid misses you.
The splash of acid hits the acid blob.
The acid blob completely resists.
The azure jelly hits you but does no damage.
The azure jelly hits you!
You die...

#.....#.......###.##...
###..............#...#...
##..........#(.......###.#
#............#.#.....##... ###
##.....##........#.....##.#
##.###....####.......##.....#.##
#...###..(###.....(..#.........#
##..#.##....#...JJ#(............^
#...............@.............#.#
.#.........(#..JJ....#.....#...##
........................<.....##
........##.##......J.......#.##
....#...#.##.#.#.##........#.##
..####.#........##............#
### ####.##.#.#.#...........##
###...#.......#.##.###
##.#.......#### ..#


You could see 3 acid blobs and 2 azure jellies.

Vanquished Creatures
  Mennas (Vaults:2)
  Sojobo (Vaults:2)
  Boris (Vaults:4)
  Nikola (Elf:3)
  Jorgrun (Spider:1)
  3 deep elf blademasters
  2 deep elf master archers (Elf:3)
  Asterion (Elf:1)
  10 acid blobs
  2 sphinxes
  A tengu reaver (Vaults:2)
  Frances (Shoals:1)
  A kraken (Shoals:1)
  A storm dragon (Vaults:4)
  Kirke (Spider:1)
  Roxanne (D:14)
  7 azure jellies
  Donald (Shoals:1)
  The ghost of tilp the Stormcaller, an adept TeAE of Sif Muna (Spider:2)
  2 frost giants
  An imperial myrmidon (Desolation)
  5 deep elf sorcerers
  2 ghost moths (Spider:4)
  Aizul (D:14)
  3 ghouls (Crypt:1)
  10 vault wardens
  6 emperor scorpions (Spider:4)
  An orc warlord (Orc:2)
  3 deep elf elementalists (Elf:3)
  A vampire knight (Crypt:1)
  A stone giant (Vaults:4)
  9 very ugly things
  14 ironheart preservers
  3 entropy weavers
  6 deep elf annihilators
  A halazid warlock (Desolation)
  6 deep elf demonologists
  Azrael (D:14)
  A spark wasp (Spider:4)
  An eidolon (Crypt:1)
  An ettin (D:15)
  5 crystal guardians
  2 merfolk javelineers (Shoals:4)
  6 deep elf death magi
  6 death oozes
  3 deep elf high priests
  2 fire dragons (Vaults:2)
  12 merfolk impalers
  5 yaktaur captains
  5 ragged hierophants (Desolation)
  4 great orbs of eyes
  A rakshasa (Vaults:1)
  17 vault guards
  5 centaur warriors
  2 ice dragons
  6 servants of whispers (Desolation)
  11 hydras
  8 peacekeepers (Desolation)
  2 death knights
  4 merfolk avatars
  28 dancing weapons
  A deep troll shaman (Vaults:3)
  9 ogre magi
  3 merfolk aquamancers
  5 satyrs
  2 deep troll earth magi
  9 tengu warriors
  2 orc high priests (Orc:2)
  25 two-headed ogres
  14 deep elf knights
  6 hell knights (Vaults:4)
  A small abomination (Elf:3)
  3 flayed ghosts
  A skeletal warrior (Vaults:3)
  14 sea snakes
  12 deep trolls
  An unseen horror (D:10)
  13 deep elf archers
  2 phantasmal warriors (Vaults:3)
  A wizard (Vaults:1)
  13 orc knights
  A lindwurm (Lair:6)
  21 harpies
  17 ironbrand convokers
  A harpy (shapeshifter) (Vaults:4)
  A necromancer (Vaults:4)
  76 deep elf magi
  19 orb spiders
  28 wolf spiders
  8 shining eyes
  13 cyclopes
  2 manticores (shapeshifter)
  14 manticores
  4 orc sorcerers
  An oklob plant (Lair:2)
  5 elephants
  44 ugly things
  2 moths of wrath
  16 fauns
  4 black mambas
  6 ice statues
  12 merfolk sirens
  5 vault sentinels
  4 water nymphs
  3 guardian serpents (Desolation)
  A guardian serpent (shapeshifter) (Vaults:4)
  3 torpor snails
  A spiny frog (shapeshifter) (D:15)
  3 gargoyles
  9 rime drakes
  9 spiny frogs
  7 komodo dragons
  A minotaur zombie (Crypt:1)
  10 demonic crawlers
  An efreet (D:15)
  A rime drake (shapeshifter) (Vaults:2)
  3 freezing wraiths
  28 yaktaurs
  2 anaconda simulacra (IceCv)
  A golden dragon simulacrum (IceCv)
  A queen bee (shapeshifter) (Orc:2)
  A troll (shapeshifter) (D:14)
  2 polar bears (Lair:6)
  15 merfolk
  10 wind drakes
  2 tengu conjurers
  34 jumping spiders
  5 hornets
  17 blink frogs
  59 saltlings (Desolation)
  Grinder (D:6)
  A blink frog (shapeshifter) (Vaults:4)
  12 trolls
  A dream sheep (shapeshifter) (Elf:3)
  19 dream sheep
  14 snapping turtles
  10 hippogriffs
  97 slime creatures
  A centaur simulacrum (D:13)
  A dire elephant simulacrum (IceCv)
  82 redbacks
  18 water elementals
  2 shadows
  23 tarantellas
  3 wraiths
  A human (shapeshifter) (Vaults:1)
  56 yaks
  6 wyverns
  5 fire elementals
  4 hogs (Spider:1)
  4 hungry ghosts
  3 golden eyes (Slime:1)
  6 basilisks
  5 vampire mosquitoes
  A soldier ant (D:12)
  3 harpy simulacra (IceCv)
  A deep troll zombie (Crypt:1)
  4 wargs
  5 acid dragons
  2 hydra simulacra (IceCv)
  10 porcupines
  11 water moccasins
  Duvessa (D:7)
  3 hell hounds (D:13)
  A black bear (shapeshifter) (Vaults:2)
  An eye of draining (shapeshifter) (Vaults:4)
  52 orc warriors
  10 ice beasts
  4 sky beasts
  9 eyes of draining
  5 black bears
  2 necrophages
  2 phantoms
  27 ogres
  The ghost of zikan the Poker, an amateur MfSk (D:3)
  4 boggarts (Vaults:3)
  18 centaurs
  15 crocodiles
  7 big kobolds
  An elf zombie (Ossuary)
  A big kobold (shapeshifter) (Vaults:4)
  19 bullfrogs
  A deep troll simulacrum (Vaults:3)
  A gnoll sergeant (D:9)
  3 earth elementals
  Dowan (D:7)
  2 hornet simulacra
  8 scorpions
  A water moccasin skeleton (D:9)
  5 howler monkeys
  2 electric eels
  A bullfrog zombie (D:13)
  6 crimson imps
  3 centaur zombies
  A gnoll shaman (D:6)
  10 hounds
  7 centaur skeletons
  2 jellies
  30 orc priests
  4 bullfrog skeletons
  Crazy Yiuf (D:2)
  Terence (D:2)
  5 iguanas
  35 orc wizards
  13 hell rats
  10 worker ants
  2 killer bee zombies
  A big kobold zombie (Ossuary)
  3 hound zombies
  3 mummies (Ossuary)
  9 gnolls
  16 adders
  9 river rats (Lair:1)
  3 shadow imps
  4 oozes
  3 adder zombies
  6 worms
  5 leopard geckos
  124 orcs
  11 bats
  5 giant cockroaches
  7 goblins
  15 hobgoblins
  57 kobolds
  11 quokkas
  3 frilled lizards
  A gnoll skeleton (Crypt:1)
  2 gnoll zombies (Ossuary)
  7 goblin zombies (Ossuary)
  2 hobgoblin zombies (Ossuary)
  8 jackal zombies (Ossuary)
  2 kobold zombies (Ossuary)
  2 quokka skeletons
  5 quokka zombies (Ossuary)
  18 rats
  4 rat zombies (Ossuary)
  2 crawling corpses (Elf:3)
  5 fungi
  12 plants
2036 creatures vanquished.

Vanquished Creatures (collateral kills)
  2 flayed ghosts
  A komodo dragon (Lair:6)
  An orc warrior (Orc:2)
  An orc (Orc:2)
5 creatures vanquished.

Vanquished Creatures (others)
  A tengu reaver (Vaults:2)
  A peacekeeper (Desolation)
  A satyr (Shoals:4)
  A deep elf knight (Elf:2)
  An orb spider (Spider:1)
  A faun (Shoals:3)
  A centaur zombie (D:14)
  A cyclops (Shoals:1)
  2 yaktaurs
  A hog (shapeshifter) (D:14)
  A wyvern zombie (D:14)
  25 fungi
  7 plants
  28 tentacles (Shoals:1)
72 creatures vanquished.

Grand Total: 2113 creatures vanquished

Notes
Turn   | Place    | Note
-------+----------+-------------------------------------------
     0 | D:1      | LairdRich the Minotaur Berserker began the quest for the
                  | Orb.
     0 | D:1      | Reached XP level 1. HP: 19/19 MP: 0/0
   255 | D:1      | Reached XP level 2. HP: 24/27 MP: 1/1
   755 | D:1      | Reached XP level 3. HP: 33/33 MP: 2/2
  1119 | D:2      | Reached ** piety under Trog
  1170 | D:2      | Noticed Terence
  1178 | D:2      | Killed Terence
  1178 | D:2      | Reached XP level 4. HP: 40/40 MP: 3/3
  1544 | D:2      | Found a burning altar of Makhleb.
  1547 | D:2      | Found a glowing silver altar of Zin.
  1547 | D:2      | Noticed an angel
  1548 | D:2      | Noticed a balrug
  1628 | D:2      | Found a runed translucent door.
  1629 | D:2      | Noticed Crazy Yiuf
  1710 | D:2      | Killed Crazy Yiuf
  1710 | D:2      | Reached XP level 5. HP: 20/47 MP: 4/4
  2310 | D:3      | Noticed zikan's ghost (amateur MfSk)
  2374 | D:3      | Found a runed translucent gate.
  2375 | D:3      | Found a runed translucent gate.
  2378 | D:3      | Found a runed translucent gate.
  2405 | D:3      | Killed zikan's ghost
  2405 | D:3      | Reached skill level 5 in Fighting
  2405 | D:3      | Reached skill level 5 in Axes
  2405 | D:3      | Reached XP level 6. HP: 56/56 MP: 5/5
  2490 | D:3      | Found a bloodstained altar of Trog.
  2497 | D:3      | Found a shattered altar of Ashenzari.
  2498 | D:3      | Found a glowing golden altar of the Shining One.
  3298 | D:4      | Reached *** piety under Trog
  3396 | D:4      | Found a sand-covered staircase.
  3404 | Ossuary  | Entered an ossuary
  3524 | Ossuary  | Reached skill level 5 in Armour
  3524 | Ossuary  | Reached XP level 7. HP: 62/62 MP: 6/6
  3661 | Ossuary  | Reached **** piety under Trog
  3967 | D:4      | Reached skill level 5 in Dodging
  4480 | D:4      | Upgraded the game from 0.25-a0-478-g33c61bdccf to
                  | 0.25-a0-488-g03579ab4a3
  4707 | D:4      | Reached XP level 8. HP: 71/71 MP: 7/7
  4714 | D:4      | Reached ***** piety under Trog
  4714 | D:4      | Received a gift from Trog
  4820 | D:4      | Reached skill level 1 in Evocations
  5111 | D:5      | Entered Level 5 of the Dungeon
  5229 | D:5      | Found a faded altar of an unknown god.
  5229 | D:5      | Found a staircase to the Ecumenical Temple.
  6336 | D:5      | Found a burning altar of Makhleb.
  6751 | D:5      | Found a burning altar of Makhleb.
  6967 | D:5      | Found a faded altar of an unknown god.
  6967 | D:5      | Found a staircase to the Ecumenical Temple.
  7551 | D:6      | Reached skill level 1 in Shields
  7582 | D:6      | Reached XP level 9. HP: 81/81 MP: 3/10
  7691 | D:6      | Noticed Grinder
  7698 | D:6      | Received a gift from Trog
  7708 | D:6      | Killed Grinder
  8335 | D:7      | Noticed Duvessa
  8335 | D:7      | Noticed Dowan
  8461 | D:7      | Killed Duvessa
  8463 | D:7      | Killed Dowan
  9112 | D:7      | Found a radiant altar of Vehumet.
  9132 | D:7      | Found an opulent altar of Gozag.
 10064 | D:9      | Noticed a troll
 10072 | D:8      | Reached skill level 5 in Evocations
 10072 | D:8      | Reached XP level 10. HP: 80/92 MP: 4/12
 10238 | D:9      | Reached skill level 10 in Fighting
 10238 | D:9      | Reached skill level 10 in Axes
 10339 | D:9      | Found a staircase to the Orcish Mines.
 10346 | D:9      | Received a gift from Trog
 10812 | D:9      | Found a snail-covered altar of Cheibriados.
 10812 | D:9      | Found a hide-covered altar of Uskayaw.
 11180 | D:10     | Entered Level 10 of the Dungeon
 11324 | D:10     | Killed an unseen horror
 11383 | D:10     | Reached skill level 10 in Armour
 11412 | D:10     | Identified the +5 great mace of the Several Ghosts {freeze,
                  | rC+ MR+ Str+4}
 11441 | D:10     | Reached XP level 11. HP: 91/99 MP: 4/13
 11443 | D:10     | Found a staircase to the Lair.
 11535 | D:10     | Found Gef Liov's Food Boutique.
 11569 | D:10     | Received a gift from Trog
 11687 | D:10     | Got a coiled jade amulet
 12116 | D:9      | Noticed a two-headed ogre
 12119 | D:9      | Killed a two-headed ogre
 12136 | D:9      | Noticed a flayed ghost
 12136 | D:9      | Noticed a flayed ghost
 12372 | D:10     | Killed a flayed ghost
 12809 | D:9      | Killed a flayed ghost
 12850 | D:9      | Got a polished shortbow
 12850 | D:9      | Identified the +9 shortbow "Cuegixab" {speed, +Blink rC++
                  | Stlth-} (You found it on level 9 of the Dungeon)
 12980 | D:10     | Found a staircase to the Lair.
 12983 | D:10     | Found Gef Liov's Food Boutique.
 13761 | D:7      | Found an opulent altar of Gozag.
 13774 | D:7      | Found a radiant altar of Vehumet.
 15298 | D:3      | Found a bloodstained altar of Trog.
 15299 | D:3      | Found a shattered altar of Ashenzari.
 15300 | D:3      | Found a glowing golden altar of the Shining One.
 15768 | Lair:1   | Entered Level 1 of the Lair of Beasts
 15783 | Lair:1   | Reached skill level 1 in Bows
 15797 | Lair:1   | Reached skill level 15 in Axes
 16080 | Lair:1   | Reached XP level 12. HP: 106/106 MP: 6/15
 16412 | Lair:1   | Received a gift from Trog
 16975 | Lair:2   | Noticed a five-headed hydra
 16983 | Lair:2   | Killed a five-headed hydra
 17005 | Lair:2   | Found a snail-covered altar of Cheibriados.
 17194 | Lair:2   | Found a hole to the Spider Nest.
 17990 | Lair:3   | Reached skill level 5 in Bows
 19148 | Lair:4   | Found a staircase to the Shoals.
 20463 | Lair:5   | Noticed a four-headed hydra
 20475 | Lair:5   | Killed a three-headed hydra
 20594 | Lair:5   | Reached XP level 13. HP: 106/113 MP: 5/16
 20696 | Lair:5   | Found a runed translucent gate.
 20696 | Lair:5   | Found a runed translucent gate.
 20696 | Lair:5   | Found a runed translucent gate.
 20697 | Lair:5   | Noticed a death ooze
 20699 | Lair:5   | Noticed Irof's ghost (journeyman GrBe)
 20699 | Lair:5   | Noticed a death ooze
 20705 | Lair:5   | Found a viscous altar of Jiyva.
 20746 | Lair:6   | Entered Level 6 of the Lair of Beasts
 20964 | Lair:6   | Found a viscous altar of Jiyva.
 20964 | Lair:6   | Found a staircase to the Slime Pits.
 21105 | Lair:6   | Found a gate leading to a gauntlet.
 21117 | Gauntlet | Entered a Gauntlet
 21117 | Gauntlet | Found a transporter.
 21225 | Gauntlet | Found a transporter.
 21242 | Gauntlet | Found a transporter.
 21245 | Gauntlet | Found a transporter.
 21266 | Gauntlet | Found a transporter.
 21279 | Gauntlet | Found a transporter.
 21292 | Gauntlet | Found a transporter.
 21319 | Gauntlet | Found a transporter.
 21319 | Gauntlet | Found a transporter.
 21325 | Gauntlet | Found a transporter.
 21358 | Gauntlet | Found a transporter.
 21358 | Gauntlet | Found a transporter.
 21493 | Gauntlet | Found the +0 Maxwell's etheric cage {RegenMP+ *Contam rElec
                  | MP+4}
 21569 | Lair:6   | Reached skill level 10 in Dodging
 22760 | Lair:6   | Received a gift from Trog
 22884 | Lair:6   | Reached skill level 10 in Bows
 22947 | Lair:6   | Got a slimy bone ring
 23816 | Lair:6   | Found a viscous altar of Jiyva.
 23824 | Lair:6   | Found a staircase to the Slime Pits.
 23909 | Lair:6   | Identified the amulet of Ojuome {Inacc MP+9} (You found it
                  | on level 10 of the Dungeon)
 23913 | Lair:6   | Identified the ring of the Slug {rElec rPois rC+ Str+3
                  | Stlth+} (You found it on level 6 of the Lair of Beasts)
 24131 | Orc:1    | Entered Level 1 of the Orcish Mines
 24137 | Orc:1    | Paralysed by an orc sorcerer for 4 turns
 25703 | Orc:2    | Entered Level 2 of the Orcish Mines
 25889 | Orc:2    | Found a staircase to the Elven Halls.
 25924 | Orc:1    | Reached XP level 14. HP: 124/124 MP: 5/17
 25933 | Orc:1    | Received a gift from Trog
 25975 | Orc:2    | Found a roughly hewn altar of Beogh.
 26060 | Orc:2    | Found a roughly hewn altar of Beogh.
 26443 | Orc:2    | Found a roughly hewn altar of Beogh.
 26568 | Orc:2    | Found a roughly hewn altar of Beogh.
 26568 | Orc:2    | Found Muekkiow's Antique Weapon Shoppe.
 26743 | Orc:2    | Found a roughly hewn altar of Beogh.
 27103 | Orc:2    | Found a roughly hewn altar of Beogh.
 27334 | Orc:2    | Found Dilla's Antique Armour Boutique.
 27651 | Orc:2    | Noticed an orc warlord
 27976 | Orc:2    | Killed an orc warlord
 28279 | Orc:2    | Found Luwuamp's Antique Armour Shoppe.
 28281 | Orc:2    | Found Cuumet's Antique Weapon Emporium.
 28281 | Orc:2    | Found a roughly hewn altar of Beogh.
 28301 | Orc:2    | Bought a pair of runed gloves for 225 gold pieces
 28301 | Orc:2    | Bought a runed plate armour for 780 gold pieces
 28348 | Orc:2    | Bought the +3 crown of Dyrovepreva {rElec Int+2 SInv} for
                  | 1242 gold pieces
 28348 | Orc:2    | Found the +3 crown of Dyrovepreva {rElec Int+2 SInv}
 28516 | Orc:2    | Found a roughly hewn altar of Beogh.
 28583 | Orc:2    | Found a roughly hewn altar of Beogh.
 28583 | Orc:2    | Found Dilla's Antique Armour Boutique.
 28608 | Orc:2    | Found Cuumet's Antique Weapon Emporium.
 28609 | Orc:2    | Found a roughly hewn altar of Beogh.
 28612 | Orc:2    | Found Luwuamp's Antique Armour Shoppe.
 28717 | Orc:2    | Found a roughly hewn altar of Beogh.
 28797 | Orc:2    | Found a roughly hewn altar of Beogh.
 28870 | Orc:2    | Found a staircase to the Elven Halls.
 28874 | Orc:2    | Found a roughly hewn altar of Beogh.
 28915 | Orc:2    | Found a roughly hewn altar of Beogh.
 28916 | Orc:2    | Found Muekkiow's Antique Weapon Shoppe.
 30045 | D:12     | Found Zelocot's Jewellery Boutique.
 30996 | D:13     | Received a gift from Trog
 32241 | D:13     | Identified the ring of Romarch {Slay+2 Stlth-}
 32293 | D:13     | Identified the +4 war axe of Breach {drain, rF+ rC+ Stlth+}
 32665 | D:14     | Found a gate to the Vaults.
 32665 | D:14     | Noticed Azrael
 32711 | D:14     | Reached XP level 15. HP: 123/136 MP: 5/18
 33473 | D:14     | Received a gift from Trog
 33943 | D:14     | Noticed Roxanne
 34064 | D:14     | Killed Roxanne
 34739 | D:14     | Killed Azrael
 35132 | D:14     | Found a stormy altar of Qazlal.
 35589 | D:15     | Entered Level 15 of the Dungeon
 36051 | D:15     | Found a staircase to the Depths.
 36107 | D:15     | Found a shadowy altar of Dithmenos.
 36182 | D:15     | Received a gift from Trog
 36944 | Spider:1 | Entered Level 1 of the Spider Nest
 36973 | Spider:1 | Identified a scroll of acquirement
 36973 | Spider:1 | Identified the +1 hat of the Eternal Fruit {rF+ Int+6} (You
                  | acquired it on level 1 of the Spider Nest)
 36973 | Spider:1 | Identified the ring of Midsummer {Str+5 Dex+4} (You
                  | acquired it on level 1 of the Spider Nest)
 37224 | Spider:1 | Noticed Jorgrun
 37231 | Spider:1 | Noticed Kirke
 37237 | Spider:1 | Killed Jorgrun
 37246 | Spider:1 | Killed Kirke
 37509 | Spider:1 | Reached XP level 16. HP: 147/147 MP: 6/19
 37882 | Spider:1 | Reached skill level 15 in Fighting
 38415 | Spider:1 | Received a gift from Trog
 39502 | Spider:2 | Found a runed translucent gate.
 39502 | Spider:2 | Found a runed translucent gate.
 39502 | Spider:2 | Found a runed translucent gate.
 39745 | Spider:2 | Noticed tilp's ghost (adept TeAE)
 39760 | Spider:2 | Killed tilp's ghost
 39771 | Spider:2 | Identified Sif Muna's Almanac of Boosting Stones
 40123 | Spider:3 | Received a gift from Trog
 41106 | Spider:4 | Entered Level 4 of the Spider Nest
 41145 | Spider:4 | Found a frozen archway.
 41167 | IceCv    | Entered an ice cave
 41409 | IceCv    | Received a gift from Trog
 42490 | Spider:4 | Reached XP level 17. HP: 165/166 MP: 7/21
 43629 | Spider:4 | Got a gossamer rune of Zot
 43783 | Shoals:1 | Entered Level 1 of the Shoals
 44017 | Shoals:1 | Noticed Donald
 44023 | Shoals:1 | Received a gift from Trog
 44050 | Shoals:1 | Killed Donald
 44507 | Shoals:1 | Noticed Frances
 44539 | Shoals:1 | Killed Frances
 44758 | Shoals:1 | Noticed a kraken
 45655 | Shoals:1 | Killed a kraken
 45911 | Shoals:2 | Found the +3 pair of gauntlets of War {Slay+5}
 46047 | Shoals:2 | Received a gift from Trog
 46217 | Shoals:2 | Found Vaedgh's Distillery.
 47515 | Shoals:3 | Received a gift from Trog
 47961 | Shoals:3 | Reached XP level 18. HP: 178/178 MP: 23/23
 48521 | Shoals:4 | Entered Level 4 of the Shoals
 48942 | Shoals:4 | Received a gift from Trog
 50301 | Shoals:4 | Got a barnacled rune of Zot
 50527 | Shoals:4 | Received a gift from Trog
 50761 | Lair:4   | Upgraded the game from 0.25-a0-488-g03579ab4a3 to
                  | 0.25-a0-502-g6516661a7a
 50937 | Elf:1    | Entered Level 1 of the Elven Halls
 51086 | Vaults:1 | Entered Level 1 of the Vaults
 51213 | Vaults:1 | Reached skill level 10 in Evocations
 51282 | Vaults:1 | Noticed Aizul
 51292 | D:14     | Killed Aizul
 51793 | Vaults:1 | Reached skill level 15 in Armour
 51809 | Vaults:1 | Received a gift from Trog
 52230 | Vaults:1 | Reached skill level 15 in Bows
 52686 | Vaults:1 | Found Elybbar's Jewellery Boutique.
 52699 | Vaults:1 | Bought an uncursed ring of protection from magic for 325
                  | gold pieces
 53535 | Elf:1    | Reached skill level 15 in Dodging
 53546 | Elf:1    | Noticed Asterion
 53554 | Elf:1    | Reached XP level 19. HP: 182/187 MP: 8/25
 53558 | Elf:1    | Gained mutation: You are clumsy. (Dex -2) [a cacodemon]
 53564 | Elf:1    | Gained mutation: You are weak. (Str -2) [a cacodemon]
 53564 | Elf:1    | Gained mutation: Your magical capacity is low. (-10% MP) [a
                  | cacodemon]
 53586 | Elf:1    | Killed Asterion
 53896 | Orc:2    | Received a gift from Trog
 54891 | Elf:1    | Identified the Grimoire of Arcane Weapons
 54990 | Elf:1    | Found Matol's General Store.
 55695 | Elf:2    | Found a runed translucent gate.
 55695 | Elf:2    | Found a runed translucent gate.
 55696 | Elf:2    | Found a runed translucent gate.
 55731 | Elf:2    | Received a gift from Trog
 55866 | Elf:2    | Found a ruined gateway.
 55871 | Desolati | Entered the Desolation of Salt
 56539 | Desolati | Got a brightly glowing amethyst amulet
 56541 | Desolati | Identified the amulet "Amysarid" {+Rage rC- MR++ Int+4
                  | SInv} (You found it in the Desolation of Salt)
 56784 | Desolati | Received a gift from Trog
 57963 | Elf:2    | Got a translucent scimitar
 57964 | Elf:2    | Identified the cursed +1 scimitar of the Past {vamp, rC+
                  | MR+} (You found it on level 2 of the Elven Halls)
 58017 | Elf:2    | Found Cikutz's Antique Weapon Emporium.
 58035 | Elf:2    | Reached skill level 1 in Long Blades
 58141 | Elf:2    | Received a gift from Trog
 58886 | Elf:2    | Reached XP level 20. HP: 195/195 MP: 7/23
 60045 | Elf:2    | Received a gift from Trog
 60475 | Elf:3    | Entered Level 3 of the Elven Halls
 60555 | Elf:3    | Found Zashru Anub's Antique Armour Shoppe.
 60614 | Elf:3    | Bought a pair of glowing boots for 330 gold pieces
 60688 | Elf:3    | Noticed Nikola
 60703 | Elf:3    | Killed Nikola
 60951 | Elf:3    | Found Eqidiklo's Book Boutique.
 61684 | Elf:3    | Identified the +1 trident "Orraysoj" {antimagic, +Fly rPois
                  | MR- Int+5}
 62249 | Elf:3    | Identified the +1 leather armour of Ide Ong {Int+2 Dex+6}
 63027 | Elf:3    | Identified Further Steps in Spellweaving
 63030 | Elf:3    | Identified the Grimoire of Ensnaring Moulding
 63285 | Elf:3    | Got a polished hand crossbow
 63285 | Elf:3    | Identified the +3 hand crossbow "Ennir" {penet, rF+ rC-
                  | Dex+2} (You found it on level 3 of the Elven Halls)
 64069 | Vaults:2 | Found Idoydat's Distillery.
 64069 | Vaults:2 | Found Giorich's Food Emporium.
 64070 | Vaults:2 | Found Cule's Assorted Antiques.
 64622 | Vaults:2 | Received a gift from Trog
 64857 | Vaults:2 | Noticed Sojobo
 64892 | Vaults:2 | Killed Sojobo
 64892 | Vaults:2 | Reached XP level 21. HP: 103/202 MP: 12/26
 65286 | Vaults:2 | Found Qougem's Armour Emporium.
 65355 | Vaults:2 | Found a staircase to the Crypt.
 65355 | Vaults:2 | Found a basalt altar of Yredelemnul.
 65356 | Vaults:2 | Found an ancient bone altar of Kikubaaqudgha.
 66224 | Vaults:3 | Noticed Mennas
 66325 | Crypt:1  | Entered Level 1 of the Crypt
 67314 | Vaults:2 | Upgraded the game from 0.25-a0-502-g6516661a7a to
                  | 0.25-a0-523-g9afb2ee040
 67463 | Vaults:2 | Killed Mennas
 68910 | Vaults:3 | Received a gift from Trog
 69745 | Vaults:3 | Received a gift from Trog
 70408 | Vaults:4 | Noticed Boris
 70431 | Vaults:4 | Killed Boris
 71057 | Vaults:4 | Received a gift from Trog
 71070 | Vaults:4 | Reached XP level 22. HP: 130/211 MP: 19/27
 72917 | Vaults:5 | Entered Level 5 of the Vaults
 73732 | Slime:1  | Entered Level 1 of the Pits of Slime
 74092 | Slime:1  | Received a gift from Trog
 74317 | Slime:1  | Gained mutation: You are very clumsy. (Dex -4) [a shining
                  | eye]
 76591 | Slime:4  | Gained mutation: Your magical capacity is very low. (-20%
                  | MP) [a shining eye]
 76597 | Slime:4  | Gained mutation: Your magical capacity is extremely low.
                  | (-30% MP) [a shining eye]
 76633 | Slime:4  | Received a gift from Trog
 76753 | Slime:4  | Gained mutation: Your body sometimes deteriorates upon
                  | taking damage. [a shining eye]
 76763 | Slime:4  | Gained mutation: You are occasionally teleported next to
                  | monsters. [a shining eye]
 76770 | Slime:4  | Gained mutation: You occasionally shout uncontrollably at
                  | your foes. [a shining eye]
 76781 | Slime:4  | Gained mutation: You tend to lose your temper in combat. [a
                  | shining eye]
 77265 | Slime:5  | Entered Level 5 of the Pits of Slime
 77290 | Slime:5  | Gained mutation: You often lose your temper in combat. [a
                  | shining eye]
 77526 | Slime:5  | Reached skill level 15 in Evocations
 77680 | Slime:5  | Noticed the Royal Jelly
 77810 | Slime:5  | HP: 9/210 [acid[the Royal Jelly] (5)]
 78492 | Lair:5   | Lost mutation: You are very clumsy. (Dex -4) [potion of
                  | mutation]
 78492 | Lair:5   | Gained mutation: You are very weak. (Str -4) [potion of
                  | mutation]
 78492 | Lair:5   | Gained mutation: Your spells are a little harder to cast,
                  | but a little more powerful. [potion of mutation]
 78608 | Spider:3 | Lost mutation: You often lose your temper in combat.
                  | [potion of mutation]
 78608 | Spider:3 | Lost mutation: Your body sometimes deteriorates upon taking
                  | damage. [potion of mutation]
 78608 | Spider:3 | Lost mutation: You tend to lose your temper in combat.
                  | [potion of mutation]
 78608 | Spider:3 | Gained mutation: You possess an exceptional clarity of
                  | mind. [potion of mutation]
 78608 | Spider:3 | Gained mutation: You are partially covered in yellow
                  | scales. (AC +2) [potion of mutation]
 78608 | Spider:3 | Gained mutation: You are partially covered in iridescent
                  | scales. (AC +2) [potion of mutation]
 78825 | Slime:4  | HP: 8/211 [azure jelly[the Royal Jelly] (10)]
 78825 | Slime:4  | Slain by an azure jelly

Levels and vault maps discovered:
D:1:      ebering_trefoil_3fold, layout_basic
D:2:      layout_rooms, grunt_temple_overflow_order_and_chaos_2,
          grunt_ministairs_9, uniq_crazy_yiuf_cottage, uniq_terence
D:3:      layout_loops_ring, grunt_temple_overflow_open, first_ration,
          gammafunk_ghost_split, chequers_arboretum
D:4:      minmay_goblin_kobold_castle, layout_basic,
          nicolae_ossuary_entry_monument, st_stairs_11, minmay_box_of_dots
D:5:      layout_loops_ring, nicolae_temple_entry_ecumenical, basic_altar
D:6:      layout_loops_corners, uniq_grinder
D:7:      layout_loops_ring, lemuel_round_altar, vehumet_altar_wand_db,
          uniq_duvessa
D:8:      layout_basic
D:9:      minmay_klotski, layout_layer_cave,
          chequers_temple_overflow_statue_of_worship, hangedman_fish_farm
D:10:     layout_rooms, due_lair_maze_entry_diamond, serial_shops,
          nicolae_shop_statue_plus
D:11:     layout_rooms, minmay_misc_feat_cross
D:12:     layout_rooms, serial_shops, shop, serial_co_window_serial,
          co_window_corner_a, co_window_corner_a, co_window_corner_a,
          co_window_of_opportunity_a, co_window_of_opportunity_a,
          co_window_corner_a, co_window_paths_a, co_window_of_opportunity_a,
          co_window_paths_a, co_window_broadway_b, co_window_paths_c,
          co_window_2corner, co_window_corner_b, glass_columns_b,
          glass_columns_c, glass_columns_a
D:13:     minmay_the_grid_square_5x5_4x4_mashed
          [minmay_the_grid_square_5x5_almost_minimal,
          minmay_the_grid_square_5x5_tetrominoes,
          minmay_the_grid_square_5x5_empty, minmay_the_grid_square_5x5_slash,
          minmay_the_grid_square_5x5_half_checkered,
          minmay_the_grid_square_5x5_prize_junk,
          minmay_the_grid_square_5x5_prize_open,
          minmay_the_grid_square_5x5_spiral, minmay_the_grid_square_5x5_z,
          minmay_the_grid_square_5x5_prize_waves,
          minmay_the_grid_square_5x5_prize_itemx,
          minmay_the_grid_square_5x5_sharp_hourglass,
          minmay_the_grid_square_5x5_six_small,
          minmay_the_grid_square_5x5_three_walls,
          minmay_the_grid_square_5x5_pentomino_r,
          minmay_the_grid_square_5x5_doubleslash], layout_loops_ring,
          minmay_fountain_box
D:14:     minmay_inside_and_out, layout_rooms, david_vaults_2,
          nrook_mini_vaults, nicolae_qazlal_style_of_elements, uniq_azrael,
          uniq_roxanne
D:15:     hangedman_depths_entry_civil_slaughter, layout_small_grid,
          grunt_dithmenos_smoke
Lair:1:   lemuel_ratsnest, layout_hall_layers
Lair:2:   layout_hall_layers, spider_nest_entry_web_field,
          grunt_forest_small_clearings, lemuel_oklob_altar
Lair:3:   layout_cave_pods
Lair:4:   layout_misc_corridors, shoals_dummy_entry, grunt_megastairs_3
Lair:5:   layout_long_grid, gammafunk_ghost_ooze
Lair:6:   gammafunk_lair_ancient_temple, layout_gridlike,
          dpeg_slime_entry_enclosed_altar, gauntlet_entry_generic
Shoals:1: layout_shoals, uniq_donald, uniq_frances
Shoals:2: layout_shoals, serial_shops, nicolae_shop_stone
Shoals:3: cheibrodos_shoals_baths, layout_shoals,
          nicolae_shoals_arrival_archipelago
Shoals:4: shoals_end_grunt_ice, layout_shoals
Spider:1: layout_spider_delve, drop_trap, guppyfry_spider_mini_1, uniq_jorgrun,
          uniq_kirke
Spider:2: layout_spider_delve, ebering_ghost_rock_garden
Spider:3: layout_spider_delve, nicolae_spider_circle_web
Spider:4: grunt_spider_rune_circles, portal_ice_cave_entry_ice_statue_one
Slime:1:  layout_caves
Slime:2:  layout_caves
Slime:3:  layout_caves
Slime:4:  layout_caves
Slime:5
Orc:1:    layout_caves
Orc:2:    grunt_orc_community_town_hall, layout_diamond_mine,
          grunt_orc_community_big_house_1, grunt_orc_community_big_house_1,
          grunt_orc_community_house_3, grunt_orc_community_house_1,
          grunt_orc_community_house_3, grunt_orc_community_house_3,
          grunt_orc_community_house_2
Elf:1:    minmay_elf_arrival_summoners, layout_loops_cross, serial_shops, shop,
          minmay_elf_annihilation, elves_outpost_lemuel, uniq_asterion
Elf:2:    layout_gridlike, serial_shops, nicolae_shop_crystal,
          portal_desolation_entry_ruin
Elf:3:    elf_hall_gauntlet_narrow, layout_onion_city, serial_shops, shop, shop,
          uniq_nikola
Vaults:1: v_rooms_2, nicolae_vaults_little_squares_2,
          nicolae_vaults_big_angled_halls, hangedman_vaults_stream,
          hangedman_vaults_slice, v_pattern_3, v_misc_1, v_alt_pattern_2,
          vaults_dpeg_ring, vaults_room_stairs_pillars, vaults_room_door_ring,
          layout_vaults_omnibox, serial_shops, shop, uniq_aizul
Vaults:2: minmay_crypt_entry_necro_gods, grunt_vaults_focal,
          ontoclasm_vaults_claustrophobia, nicolae_vaults_three_branches,
          grunt_vaults_bifocal, v_misc_30, v_misc_16,
          vaults_room_hangedman_quadrants, ontoclasm_vaults_shuriken,
          ontoclasm_vaults_bender, vaults_mumra_hex,
          ontoclasm_vaults_loading_screen, vaults_mumra_minichess,
          nicolae_vaults_little_squares_6, hangedman_vaults_maws,
          layout_vaults_ring, serial_shops, shop, shop, shop,
          nicolae_shop_trees, uniq_sojobo
Vaults:3: hangedman_vaults_capsules, ontoclasm_vaults_spin,
          hangedman_vaults_impose, ontoclasm_vaults_gateway, v_rooms_5,
          ontoclasm_vaults_idyll, nicolae_vaults_little_ls, v_misc_10,
          nicolae_vaults_rhombus_5, ontoclasm_vaults_ring_square,
          nicolae_vaults_yaktaur_gun_rack, vaults_dpeg_encased_lava,
          ontoclasm_vaults_fault, nicolae_vaults_specimen_jars,
          grunt_vaults_hallway_short, nicolae_vaults_angled_halls,
          layout_vaults_maze_snakey, uniq_mennas
Vaults:4: v_misc_13, hangedman_vaults_impose, hangedman_vaults_cutoff,
          v_misc_16, hangedman_vaults_corner, vaults_mumra_chevron_long,
          v_misc_17, nicolae_vaults_an_arrangement,
          ontoclasm_vaults_decontamination, hangedman_vaults_cutoff,
          layout_vaults_omnicross, uniq_boris
Vaults:5: serial_shops
Crypt:1:  layout_chaotic_city, skrybe_necro_troll_2

Skill      XL: |  1  2  3  4  5  6  7  8  9 10 11 12 13 14 15 16 17 18 19 20 21 22 |
---------------+-------------------------------------------------------------------+-----
Fighting       | 4 5 6 8 9 10 11 13 14 18 20 | 20.7
Axes           | 4 5 6 8 9 12 15 16 17 18 20 | 20.0
Armour         | 3 4 5 6 7 10 12 13 15 16 17 19 20 | 20.0
Dodging        | 3 4 5 6 9 10 12 13 15 16 17 18 20 | 20.0
Evocations     | 2 5 6 7 9 10 12 13 15 | 15.0
Shields        | 1 4 |  4.1
Bows           | 3 7 10 11 13 14 15 17 | 17.4
Long Blades    | 2 4 |  4.7

Action                   |  1- 3 |  4- 6 |  7- 9 | 10-12 | 13-15 | 16-18 | 19-21 | 22-24 || total
-------------------------+-------+-------+-------+-------+-------+-------+-------+-------++-------
Melee: Hand axe          |    57 |   189 |   159 |       |       |       |       |       ||   405
       Headbutt          |     9 |    28 |    75 |    87 |   140 |   169 |   171 |    46 ||   725
       Broad axe         |       |       |   215 |   393 |   168 |       |       |       ||   776
       War axe           |       |       |       |     1 |     5 |       |       |       ||     6
       Battleaxe         |       |       |       |       |   412 |   673 |   704 |   218 ||  2007
       Shortbow          |       |       |       |       |     6 |       |       |       ||     6
 Fire: Shortbow          |       |       |       |   189 |   974 |  1303 |  1152 |   390 ||  4008
Invok: Berserk           |     1 |     1 |       |       |     1 |       |     2 |       ||     5
       Trog's Hand       |       |     2 |       |     2 |    13 |     8 |    35 |     3 ||    63
       Brothers in Arms  |       |       |       |     2 |     2 |       |       |     1 ||     5
 Abil: Evoke Blink       |       |       |       |       |     2 |     1 |       |       ||     3
       Stop Flying       |       |       |       |       |     1 |       |       |       ||     1
       Evoke Flight      |       |       |       |       |       |     1 |       |       ||     1
Evoke: Wand              |       |       |       |       |     8 |     4 |     5 |     1 ||    18
       Box of beasts     |       |       |       |       |     1 |       |       |       ||     1
       Sack of spiders   |       |       |       |       |       |       |     1 |       ||     1
  Use: Scroll            |       |     3 |    18 |     6 |    12 |    13 |    10 |     4 ||    66
       Potion            |       |       |     1 |       |     5 |     2 |     2 |     6 ||    16
 Stab: Distracted        |       |       |       |       |       |       |     1 |       ||     1
       Paralysed         |       |       |       |       |       |       |     2 |       ||     2
       Fleeing           |       |       |       |       |       |       |       |     1 ||     1
  Eat: Chunk             |     1 |     7 |    10 |    21 |    19 |    15 |    16 |     1 ||    90
       Ration            |       |     1 |     3 |     6 |    11 |    10 |    15 |     7 ||    53
Armor: Animal skin       |     6 |       |       |       |       |       |       |       ||     6
       Ring mail         |    15 |    68 |   139 |   162 |    63 |       |       |       ||   447
       Plate armour      |       |       |       |       |   333 |   606 |   142 |       ||  1081
       Scale mail        |       |       |       |       |       |       |   204 |   126 ||   330
Dodge: Dodged            |    31 |   122 |   231 |   190 |   412 |   551 |   458 |   158 ||  2153
Block: Buckler           |       |       |    18 |    69 |     4 |       |       |       ||    91
       Other             |       |       |       |     4 |    92 |   141 |    44 |    47 ||   328
       Reflection        |       |       |       |       |     9 |    16 |     4 |     4 ||    33

Table legend:
 A = Non-vault XP
 B = Vault XP
 C = Vault XP percentage of total XP
 D = Non-vault monster count
 E = Vault monster count
 F = Vault count percentage of total count
                 A         B        C        D         E       F
            +---------+---------+-------+---------+---------+-------
      Total |  436300 |  377705 |  46.4 |    1266 |     757 |  37.4
            +---------+---------+-------+---------+---------+-------
        D:1 |      51 |       0 |   0.0 |      21 |       0 |   0.0
        D:2 |      72 |      79 |  52.3 |      19 |       4 |  17.4
        D:3 |     135 |     142 |  51.3 |      30 |       5 |  14.3
        D:4 |     469 |     525 |  52.8 |      20 |      52 |  72.2
        D:5 |     632 |       0 |   0.0 |      25 |       0 |   0.0
        D:6 |    1219 |     277 |  18.5 |      21 |       1 |   4.5
        D:7 |     407 |     212 |  34.2 |       7 |       3 |  30.0
        D:8 |    1486 |       0 |   0.0 |      26 |       0 |   0.0
        D:9 |    3605 |    2831 |  44.0 |      36 |      15 |  29.4
       D:10 |    4601 |    1839 |  28.6 |      32 |      11 |  25.6
       D:11 |    4055 |       0 |   0.0 |      22 |       0 |   0.0
       D:12 |    7073 |    3285 |  31.7 |      27 |       8 |  22.9
       D:13 |   10439 |    6860 |  39.7 |      32 |      25 |  43.9
       D:14 |   19081 |   16430 |  46.3 |      58 |      24 |  29.3
       D:15 |    6166 |    5277 |  46.1 |      16 |       6 |  27.3
     Lair:1 |    6091 |     524 |   7.9 |      27 |      36 |  57.1
     Lair:2 |    2148 |     535 |  19.9 |       9 |       1 |  10.0
     Lair:3 |    2440 |       0 |   0.0 |      10 |       0 |   0.0
     Lair:4 |    4331 |     183 |   4.1 |      19 |       1 |   5.0
     Lair:5 |    5437 |       0 |   0.0 |      18 |       0 |   0.0
     Lair:6 |   12178 |    9679 |  44.3 |      46 |      29 |  38.7
   Shoals:1 |   15643 |    4193 |  21.1 |      30 |       2 |   6.2
   Shoals:2 |   12214 |       0 |   0.0 |      28 |       0 |   0.0
   Shoals:3 |   24451 |    2723 |  10.0 |      44 |       7 |  13.7
   Shoals:4 |    9346 |   25085 |  72.9 |      21 |      40 |  65.6
   Spider:1 |   18355 |    7012 |  27.6 |      58 |      14 |  19.4
   Spider:2 |   17372 |    1817 |   9.5 |      50 |       1 |   2.0
   Spider:3 |    8075 |     777 |   8.8 |      28 |       2 |   6.7
   Spider:4 |    9013 |   23293 |  72.1 |      25 |      37 |  59.7
    Slime:1 |   17633 |       0 |   0.0 |      30 |       0 |   0.0
    Slime:2 |    4045 |       0 |   0.0 |       6 |       0 |   0.0
    Slime:3 |    6458 |       0 |   0.0 |      21 |       0 |   0.0
    Slime:4 |   15403 |     987 |   6.0 |      37 |       1 |   2.6
    Slime:5 |    5281 |    7947 |  60.1 |       9 |       4 |  30.8
      Orc:1 |    2785 |       0 |   0.0 |      37 |       0 |   0.0
      Orc:2 |    8458 |   15129 |  64.1 |      40 |      81 |  66.9
      Elf:1 |    4003 |    6920 |  63.4 |       7 |       9 |  56.2
      Elf:2 |   22233 |   24522 |  52.4 |      34 |      29 |  46.0
      Elf:3 |   16222 |   44959 |  73.5 |      24 |      28 |  53.8
   Vaults:1 |   16839 |   19190 |  53.3 |      34 |      33 |  49.3
   Vaults:2 |   21802 |   38011 |  63.5 |      45 |      28 |  38.4
   Vaults:3 |   34652 |   14347 |  29.3 |      60 |      32 |  34.8
   Vaults:4 |   45366 |   35710 |  44.0 |      66 |      32 |  32.7
    Crypt:1 |    8535 |       0 |   0.0 |      11 |       0 |   0.0
    Ossuary |       0 |     307 | 100.0 |       0 |      40 | 100.0
      IceCv |       0 |    7904 | 100.0 |       0 |      22 | 100.0
 Desolation |       0 |   48194 | 100.0 |       0 |      94 | 100.0
            +---------+---------+-------+---------+---------+-------
